 Dungeon Crawl Stone Soup version 0.29.1-15-g9cfb28693d (webtiles) character file.

Game seed: 6444153317293841734

37 adizb the Chopper (level 3, -9/33 HPs)
             Began as a Minotaur Berserker on Apr 19, 2023.
             Was a Believer of Trog.
             Killed by nerve-wracking pain
             ... invoked by a shadow imp
             ... summoned by Natasha
              (14 damage)
             ... on level 2 of the Dungeon.
             The game lasted 00:02:43 (680 turns).

adizb the Chopper (Minotaur Berserker)               Turns: 680, Time: 00:02:43

Health: -9/33      AC:  2    Str: 23    XL:     3   Next: 21%
Magic:  2/2        EV: 12    Int:  4    God:    Trog [**....]
Gold:   34         SH:  0    Dex:  9    Spells: 2/2 levels left

rFire   . . .      SeeInvis .   a - +0 hand axe
rCold   . . .      Faith    .   (no shield)
rNeg    . . .      Spirit   .   b - +0 animal skin
rPois   .          Reflect  .   (helmet restricted)
rElec   .          Harm     .   (no cloak)
rCorr   .          Rampage  .   (no gloves)
Will    .....                   (no boots)
Stlth   +.........              (no amulet)
HPRegen 0.11/turn               (no ring)
MPRegen 0.08/turn               (no ring)

@: no status effects
A: horns 2, retaliatory headbutt
a: Renounce Religion, Berserk, Trog's Hand


You were on level 2 of the Dungeon.
You worshipped Trog.
Trog was pleased with you.
You visited 1 branch of the dungeon, and saw 2 of its levels.

You collected 34 gold pieces.

Inventory:

Hand Weapons
 a - a +0 hand axe (weapon)
Armour
 b - a +0 animal skin (worn)
Scrolls
 e - a scroll of fog {unknown}
 f - a scroll of enchant armour {unknown}
 g - a scroll of vulnerability {unknown}
Potions
 c - a potion of invisibility {unknown}
 d - a potion of curing {unknown}


   Skills:
 + Level 4.1 Fighting
 * Level 4.5 Axes
 + Level 3.0 Armour
 - Level 2.1 Dodging


You had 2 spell levels left.
You didn't know any spells.
Your spell library was empty.

Dungeon Overview and Level Annotations

Branches:
Dungeon (2/15)

Altars:

Annotations:
D:2 Natasha


Innate Abilities, Weirdness & Mutations

You have a pair of horns on your head.
You reflexively headbutt those who attack you in melee.


Message History

There is an open door here.
There is an open door here.
There is an escape hatch in the floor here.
You slide downwards.
The hatch slams shut behind you.
Natasha hisses angrily.
The jackal barks!
The frilled lizard hisses angrily.
Found 9 gold pieces, a mace and a flail.
Found an escape hatch in the floor.
Found a stone staircase leading down.
You barely miss the jackal. You headbutt the jackal.
You kill the jackal!
Trog accepts your kill.
You closely miss Natasha. You headbutt Natasha, but do no damage.
Natasha barely misses you. The jackal barely misses you.
You furiously retaliate!
You headbutt the jackal, but do no damage.
You hit Natasha.
Natasha is lightly wounded.
You miss the frilled lizard. You closely miss the jackal.
The jackal bites you but does no damage.
Natasha casts a spell.
The frilled lizard bites you.
You hit Natasha.
Natasha is moderately wounded.
You hit the frilled lizard.
You kill the frilled lizard!
Trog accepts your kill.
You hit the jackal. The jackal barely misses you. You furiously retaliate!
You headbutt the jackal. Natasha claws you! The shadow imp gestures at you.
Pain shoots through your body!
* * * LOW HITPOINT WARNING * * *
You hit Natasha but do no damage. You headbutt Natasha!
Natasha is severely wounded.
You miss the jackal. The jackal barely misses you. Natasha claws you.
* * * LOW HITPOINT WARNING * * *
The jackal misses you. You furiously retaliate!
You headbutt the jackal!
You kill the jackal!
Trog accepts your kill. The shadow imp gestures at you.
Pain shoots through your body!
You die...

..... ..... #
...... .#
...).$ .# #
......###.###.#
#........5.....
.......†.......
......†@h......
..>.....†......
...............
...............
...............
..>............
....)..........
.####..........


You could see Natasha and a shadow imp (summoned).

Vanquished Creatures
  2 endoplasms (D:1)
  2 giant cockroaches (D:1)
  3 goblins (D:1)
  3 hobgoblins (D:1)
  4 jackals
  2 kobolds (D:1)
  7 quokkas (D:1)
  3 ball pythons (D:1)
  3 bats (D:1)
  A frilled lizard (D:2)
  2 rats (D:1)
32 creatures vanquished.

Notes
Turn   | Place    | Note
-------+----------+-------------------------------------------
     0 | D:1      | adizb the Minotaur Berserker began the quest for the Orb.
     0 | D:1      | Reached XP level 1. HP: 19/19 MP: 0/0
   137 | D:1      | Reached XP level 2. HP: 6/27 MP: 1/1
   491 | D:1      | Reached ** piety under Trog
   496 | D:1      | Reached XP level 3. HP: 20/33 MP: 2/2
   675 | D:2      | Noticed Natasha
   680 | D:2      | Killed from afar by a shadow imp

Illustrated notes

Levels and vault maps discovered:
D:1:      tarquinn_simple_flora_water_f, layout_loops_ring
D:2:      layout_rooms, chequers_big_river, minmay_tetromino_t4, uniq_natasha

Skill      XL: |  1  2 |
---------------+-------+-----
Axes           | 4 |  4.5
Fighting       | 4 |  4.1
Armour         | 3 |  3.0
Dodging        | |  2.1

Action                   || total
-------------------------++-------
Melee: Hand axe          ||    73
       Headbutt          ||     9
       Punch             ||     1
Invok: Berserk           ||     1
Armor: Animal skin       ||    16
Dodge: Dodged            ||    50
